cohdb
Replays
Latest Replays
All Replays
Popular Replays
Top Player Replays
Match Explorer
How It Works
Community
CoH3 Stats
Reddit
Sign in to upload your games and track your stats! →
Sign in with Steam
Match 37889284
Unlisted
Match 37889284
Overview
Messages
Build Orders
End
Construct Barracks
Construct Weapon Support Center
Selects Airborne Battlegroup
Selects Heavy Machine Gun Paradrop
Heavy Machine Gun Paradrop
Heavy Machine Gun Paradrop
Heavy Machine Gun Paradrop
M1919 Machine Gun Team
Selects Smoke Bombing Run
Heavy Machine Gun Paradrop
Selects Paratrooper Squad Paradrop
Paratrooper Squad Paradrop
Air Support Center
Heavy Machine Gun Paradrop
Paratrooper Squad Paradrop
Grasshopper Recon Run
Paratrooper Squad Paradrop
P-47 Strafing Run
Heavy Machine Gun Paradrop
Grasshopper Recon Run
Construct Tank Depot
Honey
khj
Zebra
kpudk
BluSonicX
t987987588
Korcel
clarkpmike
0
0
Comments
sign in to comment!
No comments posted yet!